Map: Oxide LE

Players

maru

  • Race: Terran Terran
  • Spawn Location: 1:00

Serral - Winner!

  • Race: Zerg Zerg
  • Spawn Location: 7:00

Event: TSL 6

VOD

Have the link to the VOD?

Description

Time

  • Played on: Dec. 13, 2020, 3:15 p.m.
  • Length: 16:51

All games in this series

Show
View Real Time Build Order
Export as new Build Order

maru Terran 

Build Orders: Reaper Expand 

Get SALT Encoding   

  12  0:00  SCV  
  13  0:12  SCV  
  14  0:17  Supply Depot  
  14  0:24  SCV  
  15  0:39  SCV  
  15  0:40  Barracks  
  16  0:43  Refinery  
  16  0:51  SCV  
  17  1:03  SCV  
  18  1:15  SCV  
  19  1:27  Orbital Command, Reaper  
  20  1:37  Command Center  
  20  1:49  Supply Depot  
  20  1:53  SCV  
  21  1:59  Marine  
  22  2:05  SCV  
  22  2:08  Factory  
  23  2:17  SCV  
  24  2:23  Barracks Reactor  
  24  2:29  SCV  
  25  2:41  Command Center, SCV  
  26  2:50  Orbital Command  
  26  2:54  SCV  
  26  2:56  Refinery  
  27  2:59  Starport  
  27  3:06  SCV  
  27  3:10  Hellion  
  27  3:11  Hellion  
  32  3:16  SCV  
  32  3:18  SCV  
  34  3:22  Barracks Tech Lab  
  34  3:29  SCV  
  34  3:30  SCV  
  36  3:35  Viking  
  36  3:38  Hellion x2  
  36  3:41  SCV  
  43  3:42  SCV  
  43  3:46  Supply Depot  
  44  3:49  Stimpack  
  44  3:52  Marine  
  44  3:53  SCV  
  46  3:56  Orbital Command  
  50  4:03  Hellion x2  
  50  4:05  SCV  
  50  4:06  SCV  
  52  4:12  Supply Depot  
  52  4:15  Liberator  
  55  4:17  SCV  
  55  4:18  SCV  
  55  4:21  Orbital Command  
  57  4:28  Hellion x2  
  57  4:29  SCV  
  57  4:31  SCV  
  63  4:34  Engineering Bay  
  63  4:35  Engineering Bay  
  63  4:39  Supply Depot  
  63  4:41  SCV  
  64  4:47  SCV x2  
  64  4:52  Refinery  
  66  4:53  SCV  
  66  4:54  Barracks  
  66  4:57  Barracks  
  66  4:59  SCV x2  
  69  5:00  Factory Reactor  
  69  5:01  Starport Reactor  
  69  5:06  Refinery, SCV  
  70  5:09  Terran Infantry Weapons Level 1  
  70  5:11  Supply Depot, SCV, Marine  
  70  5:12  SCV  
  73  5:18  SCV  
  74  5:22  Barracks  
  74  5:24  Barracks  
  74  5:27  SCV  
  75  5:29  Marine  
  75  5:33  SCV  
  74  5:36  SCV  
  74  5:39  SCV  
  74  5:41  Medivac  
  74  5:42  Medivac  
  80  5:44  Marine x2  
  80  5:45  SCV  
  80  5:46  Factory Reactor  
  80  5:47  Marine  
  80  5:48  SCV  
  85  5:51  SCV  
  85  5:53  Marine x2  
  84  5:58  SCV  
  84  6:00  SCV  
  84  6:02  Marine x2  
  84  6:03  SCV  
  84  6:05  Marine  
  84  6:07  Supply Depot  
  84  6:09  Combat Shield, Supply Depot  
  84  6:10  SCV  
  82  6:11  Supply Depot, Marine  
  82  6:12  SCV  
  82  6:15  SCV  
  82  6:18  Marine  
  85  6:19  Marine x2  
  85  6:21  Medivac  
  85  6:22  SCV  
  85  6:24  Barracks Reactor, SCV  
  92  6:26  Barracks Reactor  
  92  6:27  SCV  
  92  6:29  Widow Mine x2  
  92  6:32  Armory  
  97  6:33  Supply Depot  
  97  6:34  SCV  
  97  6:38  Medivac, Marine  
  97  6:39  Marine  
  102  6:44  Marine x3  
  105  6:50  Widow Mine  
  107  6:54  Medivac  
  107  6:55  Widow Mine  
  107  6:56  Marine x2  
  113  7:01  Supply Depot, Marine x3  
  113  7:02  Marine x2  
  113  7:05  Terran Infantry Armor Level 1  
  113  7:06  SCV x2  
  120  7:13  Factory  
  120  7:14  Command Center, Marine  
  121  7:16  Marine x3  
  121  7:21  Terran Infantry Weapons Level 2  
  124  7:23  Widow Mine x2  
  124  7:24  Supply Depot  
  124  7:27  Supply Depot  
  124  7:29  Marine x5  
  133  7:40  Supply Depot  
  133  7:42  Supply Depot  
  133  7:43  SCV  
  123  7:47  Widow Mine x2  
  123  7:48  Marauder, Marine x5  
  123  7:50  Medivac  
  123  7:51  Medivac  
  135  7:56  Refinery x2  
  133  8:03  SCV  
  133  8:04  Factory Tech Lab  
  133  8:05  SCV  
  135  8:07  Marine x3  
  135  8:08  Marine x2  
  135  8:09  Marine x2  
  135  8:10  Marauder, Marine  
  135  8:11  Widow Mine x2  
  149  8:19  SCV  
  150  8:25  Drilling Claws, Marine x4  
  150  8:26  Siege Tank, Marine  
  158  8:27  SCV x2, Marine x2  
  158  8:31  Marauder  
  162  8:34  Supply Depot  
  162  8:35  Supply Depot  
  162  8:36  Widow Mine x2  
  162  8:37  Marine  
  162  8:43  Marine x2  
  162  8:45  Marine x2  
  162  8:47  Marine x2  
  151  8:52  Planetary Fortress, Marauder  
  153  8:58  Widow Mine x2, Siege Tank  
  153  9:01  Terran Infantry Armor Level 2  
  160  9:07  Marine x3  
  160  9:08  Barracks  
  160  9:09  Barracks x2  
  163  9:14  Marauder  
  165  9:19  Widow Mine  
  165  9:21  Marine  
  161  9:24  Marine x2  
  161  9:26  SCV  
  161  9:27  Marine x2  
  161  9:31  SCV  
  127  9:35  Marauder  
  127  9:38  SCV, Marine x2  
  130  9:40  Siege Tank  
  130  9:41  Widow Mine x2  
  130  9:43  SCV  
  132  9:49  Supply Depot  
  132  9:50  Supply Depot, SCV  
  132  9:52  Orbital Command, Armory  
  133  9:55  SCV  
  133  9:56  Marauder, Marine  
  135  10:02  Widow Mine x2, SCV  
  135  10:06  Barracks Tech Lab x2  
  135  10:07  Barracks Tech Lab, SCV, Concussive Shells  
  138  10:12  Siege Tank  
  138  10:13  Marine x2  
  138  10:14  SCV, Marine x2  
  145  10:18  Marauder  
  149  10:22  Supply Depot x2  
  149  10:25  Orbital Command  
  144  10:38  Widow Mine  
  144  10:39  Marauder  
  148  10:43  SCV  
  148  10:45  Siege Tank  
  146  10:51  Terran Infantry Weapons Level 3, Marine  
  146  10:52  Marauder x3, Marine x2  
  146  10:53  SCV  
  146  10:54  SCV  
  146  10:55  SCV  
  146  10:57  SCV  
  157  10:58  Supply Depot  
  157  11:00  Widow Mine  
  157  11:01  Marauder, Widow Mine  
  157  11:03  Medivac x2  
  167  11:07  SCV x3  
  167  11:09  SCV  
  171  11:20  Sensor Tower  
  171  11:22  Marauder  
  171  11:23  SCV, Terran Infantry Armor Level 3  
  171  11:25  Command Center  
  174  11:32  Marine  
  174  11:34  Marine  
  174  11:35  Marauder x2, Marine  
  174  11:37  Marine  
  174  11:38  Marauder  
  184  11:40  Sensor Tower  
  184  11:43  Marauder  
  186  11:48  SCV  
  186  11:52  Marine  
  188  11:58  Marauder  
  188  11:59  Marauder  
  188  12:00  Marine  
  187  12:03  Marauder, Marine  
  187  12:06  Marauder  
  182  12:08  Siege Tank  
  182  12:09  Widow Mine  
  187  12:17  Widow Mine  
  187  12:20  Marauder x2, Marine  
  174  12:23  Marine x7  
  174  12:25  Marauder  
  174  12:27  Marauder  
  174  12:29  SCV x3  
  178  12:30  Widow Mine  
  180  12:37  Marine  
  180  12:38  Widow Mine  
  180  12:40  Marine  
  180  12:41  Widow Mine, Marine x5  
  180  12:42  Marauder  
  193  12:51  Orbital Command, Widow Mine  
  193  12:52  Marauder  
  193  12:57  Marauder, Marine  
  189  13:09  Marauder x2, Marine x3  
  139  13:13  SCV, Marine x3  
  139  13:14  Marauder  
  139  13:15  Widow Mine  
  139  13:16  Widow Mine  
  139  13:18  SCV  
  152  13:20  SCV x2  
  152  13:22  Medivac  
  152  13:23  Medivac, Ghost Academy  
  152  13:26  Widow Mine  
  158  13:31  Marine x2  
  158  13:32  Marauder x2  
  162  13:37  Widow Mine  
  158  13:41  Widow Mine  
  158  13:42  Marauder x2, Marine  
  158  13:47  Widow Mine  
  165  13:48  Marine  
  165  13:49  Marine x4  
  165  13:50  Planetary Fortress  
  165  13:52  Medivac  
  165  13:53  Marauder x2  
  176  13:55  Personal Cloaking  
  176  13:57  SCV x2  
  176  13:58  Widow Mine, SCV x2  
  182  14:03  Widow Mine  
  182  14:09  Ghost x2, SCV, Widow Mine  
  192  14:10  SCV  
  192  14:14  Ghost  
  194  14:20  Widow Mine, Ghost  
  185  14:33  Marine  
  185  14:34  Marine x5  
  185  14:35  Refinery  
  185  14:37  Ghost x2  
  186  14:42  Ghost  
  175  14:48  Ghost  
  175  14:49  Marine x2  
  175  14:51  Marine  
  172  14:53  Widow Mine  
  171  15:06  Ghost x2  
  148  15:11  Marine x2  
  148  15:12  Marauder  
  130  15:17  Medivac  
  130  15:18  Medivac  
  125  15:21  Marine x4  
  125  15:22  Marauder, Marine  
  126  15:28  Marine  
  126  15:33  Marauder, Marine x2  
  126  15:35  Marauder x2  
  135  15:37  SCV x2  
  135  15:38  SCV  
  135  15:39  Marine x4  
  135  15:42  Widow Mine x2  
  146  15:43  Marauder  
  146  15:49  Orbital Command, SCV  
  149  15:52  Widow Mine  
  149  15:54  Marauder  
  149  15:56  Marauder  
  155  15:58  Marine x2  
  155  15:59  Marauder  
  155  16:03  Widow Mine x2  
  163  16:04  Marauder  
  134  16:32  Marine  
Show
View Real Time Build Order
Export as new Build Order

Serral Zerg - Winner!

Build Orders: Hatch First, Lurkers 

Get SALT Encoding   

  12  0:00  Drone  
  13  0:12  Overlord  
  13  0:16  Drone  
  14  0:30  Drone x2  
  16  0:48  Hatchery  
  15  0:51  Drone  
  15  0:54  Drone  
  17  0:57  Drone  
  18  1:08  Extractor  
  17  1:12  Spawning Pool  
  17  1:15  Drone  
  17  1:19  Drone  
  18  1:27  Drone  
  19  1:38  Drone  
  20  1:49  Drone  
  21  2:00  Queen x2  
  21  2:01  Zergling x4  
  27  2:11  Overlord  
  27  2:12  Drone  
  28  2:21  Hatchery  
  27  2:24  Drone  
  27  2:29  Metabolic Boost  
  28  2:33  Drone  
  29  2:38  Drone x2  
  31  2:44  Queen  
  31  2:49  Overlord  
  33  2:52  Drone  
  33  2:54  Drone  
  33  2:56  Drone  
  36  3:08  Drone x2  
  36  3:09  Drone x2  
  36  3:11  Overlord  
  40  3:14  Drone  
  40  3:16  Drone  
  42  3:20  Queen  
  44  3:28  Queen  
  44  3:32  Overlord  
  46  3:35  Queen  
  46  3:38  Drone  
  46  3:39  Drone x2  
  51  3:43  Drone x2  
  51  3:44  Zergling x4  
  51  3:48  Overlord  
  55  3:50  Drone  
  55  3:52  Drone  
  57  3:58  Zergling x2  
  57  4:00  Overlord, Drone x2  
  57  4:01  Drone  
  61  4:05  Drone x2  
  63  4:11  Overlord  
  63  4:12  Drone x2  
  63  4:13  Drone  
  66  4:18  Evolution Chamber  
  66  4:20  Evolution Chamber  
  66  4:21  Extractor, Drone x3  
  66  4:28  Zergling x4  
  66  4:30  Drone x3  
  71  4:35  Drone  
  71  4:36  Drone  
  71  4:38  Spore Crawler  
  72  4:39  Drone  
  72  4:44  Queen  
  75  4:46  Zergling x2  
  75  4:48  Zerg Ground Armor Level 1, Drone x3  
  75  4:49  Drone x2  
  81  4:52  Zerg Melee Weapons Level 1  
  81  4:56  Zergling x4, Extractor  
  82  5:03  Overlord x2, Baneling Nest  
  80  5:08  Extractor  
  80  5:11  Hatchery  
  78  5:15  Spore Crawler  
  78  5:16  Zergling x2  
  78  5:18  Lair, Drone  
  78  5:19  Drone  
  78  5:20  Drone  
  81  5:25  Drone x5  
  81  5:27  Drone x2  
  88  5:31  Drone x3  
  88  5:34  Drone x2  
  92  5:39  Extractor  
  92  5:40  Zergling x4  
  92  5:41  Zergling x2  
  94  5:48  Overlord  
  85  5:57  Zergling x8  
  85  5:58  Zergling x8  
  85  6:05  Queen  
  85  6:07  Drone x3  
  89  6:14  Zergling x6  
  89  6:17  Centrifical Hooks  
  92  6:20  Zergling x6  
  92  6:21  Overlord x3  
  92  6:22  Hydralisk Den  
  92  6:23  Baneling  
  92  6:24  Baneling x5  
  94  6:28  Zergling x8  
  98  6:36  Drone x2  
  100  6:40  Zergling x4  
  100  6:41  Drone x2  
  100  6:42  Drone  
  100  6:44  Drone x3  
  100  6:47  Zerg Melee Weapons Level 2  
  108  6:49  Zerg Ground Armor Level 2  
  108  6:54  Muscular Augments  
  108  6:55  Overlord  
  108  6:57  Drone x2  
  108  6:59  Overlord  
  110  7:01  Overlord  
  110  7:07  Hydralisk  
  110  7:08  Hydralisk x3  
  116  7:10  Overseer  
  116  7:13  Hydralisk x2  
  121  7:20  Drone  
  121  7:21  Drone x4  
  126  7:23  Hydralisk x3  
  126  7:28  Hydralisk x2  
  126  7:29  Zergling x2  
  137  7:34  Zergling x2  
  137  7:35  Zergling x8  
  137  7:37  Baneling x3  
  142  7:43  Zergling x2  
  142  7:44  Zergling x10  
  139  7:52  Hydralisk x3  
  139  7:53  Zergling x10, Overlord  
  139  7:56  Overseer  
  149  7:58  Baneling x2  
  147  8:06  Zergling x4  
  147  8:07  Zergling x10  
  154  8:14  Grooved Spines, Zergling x2, Hydralisk x2  
  154  8:16  Overlord x4  
  154  8:17  Overlord x2  
  154  8:19  Extractor  
  158  8:24  Baneling x4  
  158  8:29  Baneling x4  
  158  8:31  Zergling x2  
  154  8:41  Zergling x6  
  154  8:42  Zergling x18  
  154  8:46  Hatchery  
  154  8:47  Baneling x10  
  162  8:49  Zergling x10  
  167  8:55  Infestation Pit  
  167  8:59  Zergling x2  
  167  9:00  Zergling x12  
  173  9:06  Zerg Missile Weapons Level 1  
  173  9:07  Baneling x4  
  173  9:09  Zergling x12  
  179  9:20  Baneling x8  
  174  9:26  Zergling x18  
  174  9:31  Zergling x10  
  162  9:35  Baneling x7  
  162  9:36  Zergling x10  
  168  9:40  Hatchery  
  168  9:43  Hive  
  151  9:48  Baneling x6  
  151  9:50  Zergling x14  
  158  9:59  Zergling x10  
  158  10:08  Overseer  
  158  10:09  Hydralisk x2, Baneling x8  
  158  10:10  Zergling x6  
  165  10:25  Zergling x14  
  165  10:26  Pneumatized Carapace  
  168  10:40  Drone x4  
  168  10:41  Drone  
  173  10:47  Drone x2  
  173  10:49  Zergling x18  
  177  10:50  Overseer  
  177  10:52  Queen  
  177  10:53  Baneling x10  
  179  11:00  Spore Crawler, Viper x2, Drone  
  179  11:01  Spore Crawler  
  184  11:04  Baneling x3  
  184  11:11  Zergling x36  
  195  11:23  Extractor  
  194  11:26  Zergling x6  
  194  11:29  Overlord x2, Zerg Ground Armor Level 3  
  194  11:32  Overlord  
  196  11:36  Baneling x3  
  196  11:37  Baneling  
  196  11:38  Baneling x5  
  196  11:39  Baneling x2  
  193  11:44  Baneling x4  
  193  11:48  Overseer  
  193  11:57  Extractor, Lurker Den  
  193  12:00  Drone x3  
  186  12:07  Zergling x38  
  186  12:08  Zergling x4  
  199  12:10  Hatchery  
  197  12:16  Queen  
  184  12:27  Zergling x32  
  200  12:30  Overseer  
  200  12:32  Baneling  
  200  12:39  Overseer  
  200  12:43  Baneling x9  
  199  12:47  Zerg Melee Weapons Level 3  
  199  12:48  Adrenal Glands  
  199  12:54  Baneling  
  199  12:56  Baneling x16  
  179  13:12  Zergling x62  
  176  13:15  Seismic Spines  
  176  13:18  Extractor x2  
  174  13:20  Drone x3  
  174  13:24  Zergling x16  
  185  13:28  Baneling x2  
  185  13:29  Zergling x2  
  185  13:31  Baneling x4  
  184  13:40  Zergling x16, Overseer  
  184  13:45  Overlord  
  184  13:47  Zergling x18  
  184  13:48  Zergling x4  
  183  13:52  Viper  
  186  13:59  Overlord  
  186  14:03  Lurker x2  
  186  14:04  Lurker x7  
  195  14:10  Extractor x2  
  195  14:11  Drone x3  
  195  14:12  Spore Crawler, Drone x3, Adaptive Talons  
  195  14:13  Drone x2  
  198  14:30  Zergling x22  
  196  14:44  Zergling x28  
  199  14:47  Baneling  
  199  14:48  Baneling x3  
  183  15:06  Zergling x44  
  171  15:17  Overseer  
  171  15:18  Zergling x2, Hydralisk x2  
  171  15:19  Zergling x14  
  177  15:26  Zergling x16  
  173  15:32  Baneling  
  173  15:33  Baneling  
  173  15:34  Overseer  
  173  15:37  Baneling x13  
  173  15:43  Lurker x5  
  176  15:50  Baneling x4  
  176  15:51  Hydralisk, Baneling x5  
  176  15:52  Hydralisk x2  
  182  15:58  Baneling x2  
  181  16:11  Hydralisk  
  181  16:12  Zergling x20  
  180  16:28  Zergling x36  
  183  16:34  Zergling x18  
Tags
 
Composition
Lurkers
Event
TSL 6
Matchup
TvZ
Spawn Locations
Cross Positions
Add a new tag
Caveats
  • Supply blocks, unpowered buildings, or Contaminate may cause inaccurate times.
  • Supply counts are checked every 10 seconds.